 Dungeon Crawl Stone Soup version 0.25-a0-403-g49d089a (webtiles) character file.

Game seed: 1300121544166323913, levelgen mode: deterministic

2770 Auros the Slinger (level 10, 0/66 HPs)
             Began as a Halfling Skald on Jan 8, 2020.
             Was a Believer of Fedhas.
             Killed from afar by a gargoyle (12 damage)
             ... with a stone arrow
             ... on level 6 of the Dungeon on Jan 9, 2020.
             The game lasted 01:30:38 (9116 turns).

Auros the Slinger (Halfling Skald)                  Turns: 9116, Time: 01:30:38

Health: 0/66       AC:  9    Str: 14    XL:     10   Next: 1%
Magic:  6/13       EV: 22    Int: 11    God:    Fedhas [**....]
Gold:   384        SH:  0    Dex: 16    Spells: 1/12 levels left

rFire    . . .     SeeInvis .   b - +1 dagger (flame)
rCold    . . .     Gourm    .   (shield restricted)
rNeg     . . .     Faith    .   L - +0 leather armour
rPois    +         Spirit   .   w - +2 helmet
rElec    .         Reflect  .   f - +0 cloak
rCorr    .         Harm     .   h - +0 pair of gloves
MR       .....                  (no boots)
Stlth    +.........             (no amulet)
HPRegen  0.21/turn              B - +3 ring of evasion
MPRegen  0.13/turn              v - ring of poison resistance

@: no status effects
A: small, mutation resistance 1
a: Wall of Briars, Renounce Religion


You were on level 6 of the Dungeon.
You worshipped Fedhas.
Fedhas was pleased with you.
You were hungry.

You visited 1 branch of the dungeon, and saw 7 of its levels.

You collected 384 gold pieces.

Inventory:

Hand Weapons
 a - a +3 hunting sling
 b - a +1 dagger of flaming (weapon)
 k - a +0 hunting sling
 F - a +0 short sword
 K - a +2 flail of holy wrath
Missiles
 d - 53 sling bullets
 e - 31 bolts
 r - 13 poisoned darts
 s - 114 arrows
 y - 5 atropa-tipped darts
 Z - 171 stones (quivered)
Armour
 f - a +0 cloak (worn)
 g - a +0 ring mail
 h - a +0 pair of gloves (worn)
 w - a +2 helmet (worn)
 D - a +0 buckler
 L - a +0 leather armour (worn)
Jewellery
 u - an uncursed ring of ice
 v - a ring of poison resistance (right hand)
 B - a +3 ring of evasion (left hand)
Wands
 E - a wand of random effects (26)
 G - a wand of acid (12)
 I - a wand of polymorph (5)
Scrolls
 c - a scroll of remove curse
 i - 2 scrolls of identify
 j - a scroll of enchant weapon {unknown}
 n - a scroll of amnesia
 t - a scroll of teleportation
Potions
 l - a potion of haste {unknown}
 q - 2 potions of brilliance
 A - a potion of cancellation {unknown}
 C - 2 potions of curing {unknown}
 J - a potion of lignification {unknown}
Comestibles
 z - 10 rations


   Skills:
 + Level 5.3 Fighting
 + Level 3.8 Short Blades
 - Level 12.1 Slings
 + Level 6.3 Armour
 + Level 6.7 Dodging
 - Level 1.5 Spellcasting
 + Level 8.3 Charms
 - Level 2.5 Invocations
 - Level 4.8 Evocations


You had one spell level left.
You knew the following spells:

 Your Spells              Type           Power        Failure   Level  Hunger
a - Infusion              Chrm           ###.         1%          1    ##.....
b - Shroud of Golubria    Chrm/Tloc      ##....       11%         2    ###....
c - Song of Slaying       Chrm           ###.....     1%          2    ###....
d - Ozocubu's Armour      Chrm/Ice       ##......     21%         3    ####...
e - Spectral Weapon       Hex/Chrm       ##......     21%         3    ####...

Your spell library contained the following spells:

 Spells                   Type           Power        Failure   Level  Hunger
 Beastly Appendage        Tmut           #.....       36%         1    ##.....
 Sticks to Snakes         Tmut           #.......     50%         2    ###....
 Spider Form              Tmut/Pois      #.........   75%         3    ####...
 Ice Form                 Ice/Tmut       #.......     98%         4    #####..
 Blade Hands              Tmut           #.........   100%        5    ######.


Dungeon Overview and Level Annotations

Branches:
Dungeon (7/15)             Temple (0/1) D:6

Altars:
Elyvilon
Fedhas
Gozag
Makhleb
Qazlal
Ru
Sif Muna
Vehumet
Zin

Annotations:
D:6 2 transporters


Innate Abilities, Weirdness & Mutations

You are small and have problems with some larger weapons.
You are somewhat resistant to further mutation.


Message History

The gargoyle is moderately damaged.
The gargoyle completely misses you.
You hit the gargoyle. You burn the gargoyle.
The gargoyle is heavily damaged.
The gargoyle hurls a stone arrow at you.
The stone arrow hits you!
* * * LOW HITPOINT WARNING * * *
You hit the gargoyle but do no damage.
The gargoyle is heavily damaged.
The gargoyle completely misses you.
You hit the gargoyle but do no damage.
The gargoyle is heavily damaged.
The gargoyle hits you with a +0 dire flail.
* * * LOW HITPOINT WARNING * * *
The gargoyle hurls a stone arrow at you.
The stone arrow misses you.
The gargoyle hurls a stone arrow at you.
The stone arrow hits you!
You die...
Fedhas appreciates your contribution to the ecosystem.

####
########.#.##########
#...# ##..# #### #..#
...# ##># ##)# #9#
#.# #.# #.# #.# #.#
#@# #.# #.# #.# #.#
#.# #.# #.# #.# #.#
#.#
#.##############.#
#................#
################.#


You could see a gargoyle.

Vanquished Creatures
  A hippogriff (D:7)
  A sky beast (D:6)
  An orc warrior (D:5)
  An ice beast (D:7)
  An ogre (D:4)
  3 centaurs
  A crocodile (D:7)
  A scorpion (D:7)
  A howler monkey (D:5)
  2 crimson imps
  A quasit (D:7)
  A centaur skeleton (D:7)
  2 hounds
  A bullfrog skeleton (D:5)
  3 orc priests
  6 orc wizards
  5 iguanas
  10 worker ants
  A hound skeleton (D:5)
  5 gnolls
  7 adders
  2 shadow imps (D:5)
  3 oozes
  An adder zombie (D:7)
  5 worms
  5 leopard geckos
  26 orcs
  6 bats
  8 giant cockroaches
  8 goblins
  8 hobgoblins
  13 jackals
  A quokka (D:5)
  2 ball pythons
  5 frilled lizards
  8 kobolds
  6 rats
162 creatures vanquished.

Vanquished Creatures (others)
  A hobgoblin (D:2)
  A quokka (D:2)
  A bat (D:2)
3 creatures vanquished.

Grand Total: 165 creatures vanquished

Notes
Turn   | Place    | Note
-------+----------+-------------------------------------------
     0 | D:1      | Auros the Halfling Skald began the quest for the Orb.
     0 | D:1      | Reached XP level 1. HP: 14/14 MP: 3/3
   497 | D:1      | Reached XP level 2. HP: 18/19 MP: 1/4
   509 | D:1      | Learned a level 2 spell: Shroud of Golubria
  1144 | D:1      | Reached XP level 3. HP: 16/24 MP: 2/5
  1544 | D:1      | Learned a level 2 spell: Song of Slaying
  1990 | D:2      | Reached XP level 4. HP: 24/29 MP: 1/6
  2141 | D:2      | Found an opulent altar of Gozag.
  2151 | D:2      | Found a glowing silver altar of Zin.
  2151 | D:2      | Found a radiant altar of Vehumet.
  2152 | D:2      | Found a blossoming altar of Fedhas.
  2155 | D:2      | Found a shimmering blue altar of Sif Muna.
  2155 | D:2      | Found a stormy altar of Qazlal.
  2156 | D:2      | Found a burning altar of Makhleb.
  2218 | D:2      | Became a worshipper of Fedhas Madash
  2494 | D:2      | Found a white marble altar of Elyvilon.
  2594 | D:3      | Reached skill level 1 in Slings
  2645 | D:3      | Reached skill level 2 in Slings
  2645 | D:3      | Reached XP level 5. HP: 31/34 MP: 7/7
  2793 | D:3      | Reached skill level 3 in Slings
  3023 | D:3      | Reached skill level 5 in Charms
  3509 | D:4      | Reached XP level 6. HP: 20/39 MP: 8/8
  3668 | D:4      | Reached skill level 1 in Invocations
  3668 | D:4      | Noticed a hippogriff
  3669 | D:4      | Upgraded the game from 0.25-a0-399-gcf1075a to
                  | 0.25-a0-403-g49d089a
  3671 | D:4      | Noticed an ogre
  3856 | D:4      | Reached * piety under Fedhas
  4447 | D:4      | Reached skill level 4 in Slings
  4757 | D:4      | Killed an ogre
  4757 | D:4      | Reached XP level 7. HP: 44/44 MP: 7/9
  4786 | D:4      | Found a sacrificial altar of Ru.
  5348 | D:5      | Entered Level 5 of the Dungeon
  5355 | D:5      | Learned a level 3 spell: Ozocubu's Armour
  5394 | D:5      | Reached skill level 5 in Slings
  5863 | D:5      | Reached skill level 6 in Slings
  6528 | D:5      | Reached skill level 7 in Slings
  6528 | D:5      | Reached XP level 8. HP: 43/50 MP: 3/10
  6630 | D:5      | Reached skill level 11 in Slings
  6630 | D:5      | Reached skill level 5 in Armour
  6630 | D:5      | Reached XP level 9. HP: 60/60 MP: 10/12
  7018 | D:5      | Reached skill level 12 in Slings
  7153 | D:6      | Found a staircase to the Ecumenical Temple.
  7180 | D:6      | Reached ** piety under Fedhas
  7361 | D:6      | Found a transporter.
  7410 | D:6      | Noticed a kobold demonologist
  7412 | D:6      | Noticed a kobold demonologist
  7421 | D:6      | Found a transporter.
  8059 | D:7      | Reached skill level 5 in Fighting
  8148 | D:7      | Noticed a hippogriff
  8163 | D:7      | Killed a hippogriff
  8455 | D:6      | Learned a level 3 spell: Spectral Weapon
  8826 | D:7      | Reached XP level 10. HP: 66/66 MP: 13/13
  8879 | D:7      | Noticed a gargoyle
  9116 | D:6      | Killed from afar by a gargoyle

Levels and vault maps discovered:
D:1:      dpeg_arrival_orchard, layout_basic, minmay_pentomino_v4
D:2:      layout_basic, grunt_temple_overflow_open, elyvilon_altar_4
D:3:      layout_basic
D:4:      layout_loops_ring, hangedman_ru_absence, nrook_mini_vaults
D:5:      kennysheep_spiral_hall, layout_gridville, first_ration
D:6:      gammafunk_wand_slinger, layout_basic, minmay_temple_entry_glass
D:7:      minmay_the_grid_plus [minmay_the_grid_aliased_spiral,
          minmay_the_grid_paths, minmay_the_grid_minigrid_small,
          minmay_the_grid_zigzag_pyramid, minmay_the_grid_prize_big_room],
          layout_rooms

Skill      XL: |  1  2  3  4  5  6  7  8  9 |
---------------+----------------------------+-----
Short Blades   | 3 |  3.8
Armour         | 2 5 6 |  6.3
Charms         | 4 5 7 8 |  8.3
Slings         | 2 3 4 7 11 12 | 12.1
Invocations    | 2 |  2.5
Fighting       | 2 4 5 |  5.3
Dodging        | 3 6 |  6.7
Evocations     | 4 |  4.8
Spellcasting   | |  1.5

Action                   |  1- 3 |  4- 6 |  7- 9 | 10-12 || total
-------------------------+-------+-------+-------+-------++-------
Melee: Short sword       |   113 |    29 |       |       ||   142
       Dagger            |       |       |     6 |    41 ||    47
       Hunting sling     |       |       |     4 |       ||     4
       Flail             |       |       |     1 |       ||     1
 Fire: Hunting sling     |       |   271 |   468 |    12 ||   751
Throw: Stone             |    39 |     1 |       |       ||    40
 Cast: Infusion          |     5 |     1 |       |     1 ||     7
       Shroud of Golubri |     3 |     5 |     5 |     1 ||    14
       Song of Slaying   |     1 |     1 |     5 |     1 ||     8
       Ozocubu's Armour  |       |       |     7 |     1 ||     8
       Spectral Weapon   |       |       |     3 |     1 ||     4
Evoke: Wand              |       |       |     1 |       ||     1
  Use: Scroll            |       |     1 |    10 |       ||    11
       Potion            |       |     1 |     1 |       ||     2
  Eat: Chunk             |     4 |     9 |    11 |     1 ||    25
       Ration            |       |       |     1 |       ||     1
Armor: Leather armour    |    18 |       |    42 |     1 ||    61
       Ring mail         |     9 |    58 |     9 |       ||    76
Dodge: Dodged            |    61 |   142 |   187 |    30 ||   420

Table legend:
 A = Non-vault XP
 B = Vault XP
 C = Vault XP percentage of total XP
 D = Non-vault monster count
 E = Vault monster count
 F = Vault count percentage of total count
                 A         B        C        D         E       F
            +---------+---------+-------+---------+---------+-------
      Total |    2666 |     302 |  10.2 |     151 |      11 |   6.8
            +---------+---------+-------+---------+---------+-------
        D:1 |      49 |       5 |   9.3 |      24 |       3 |  11.1
        D:2 |      50 |       0 |   0.0 |      15 |       0 |   0.0
        D:3 |     146 |       0 |   0.0 |      22 |       0 |   0.0
        D:4 |     346 |       0 |   0.0 |      24 |       0 |   0.0
        D:5 |     613 |      98 |  13.8 |      24 |       3 |  11.1
        D:6 |     317 |     147 |  31.7 |      11 |       2 |  15.4
        D:7 |    1145 |      52 |   4.3 |      31 |       3 |   8.8
            +---------+---------+-------+---------+---------+-------
